 Dungeon Crawl Stone Soup version 0.27.0-66-gdc8fb28755 (webtiles) character file.

Game seed: 17766425890517558844

16823 Malachi the Cleaver (level 12, 0/87 HPs)
             Began as an Octopode Berserker on Aug 20, 2021.
             Was an Elder of Trog.
             Slain by an 11-headed hydra (7 damage)
             ... on level 4 of the Lair of Beasts.
             The game lasted 00:12:52 (15373 turns).

Malachi the Cleaver (Octopode Berserker)           Turns: 15373, Time: 00:12:53

Health: 0/87       AC:  9    Str: 20    XL:     12   Next: 41%
Magic:  12/12      EV: 17    Int: 11    God:    Trog [****..]
Gold:   1477       SH:  0    Dex: 17    Spells: 11/11 levels left

rFire    . . .     SeeInvis .   j - +2 war axe (vorpal)
rCold    + . .     Faith    .   (no shield)
rNeg     . . .     Spirit   .   (helmet restricted)
rPois    .         Reflect  .   k - amulet of the acrobat
rElec    .         Harm     .   r - ring of protection from cold
rCorr    .         Rampage  .   c - +4 ring of protection
Will     .....                  b - +6 ring of dexterity
Stlth    ++++++....             y - +4 ring of protection
HPRegen  0.24/turn              (no ring)
MPRegen  0.13/turn              (no ring)
                                (no ring)
                                (no ring)

@: on berserk cooldown, slowed, very slow
A: almost no armour, amphibious, 8 rings, camouflage 1, gelatinous body 1,
(nimble swimmer 1), tentacles
a: Renounce Religion, Berserk, Trog's Hand, Brothers in Arms


You were on level 4 of the Lair of Beasts.
You worshipped Trog.
Trog was greatly pleased with you.
You visited 2 branches of the dungeon, and saw 12 of its levels.

You collected 1477 gold pieces.

Inventory:

Hand Weapons
 j - a +2 vorpal war axe (weapon)
 v - a +6 flail of freezing
Missiles
 e - 4 throwing nets (quivered)
Jewellery
 a - an amulet of guardian spirit
 b - a +6 ring of dexterity (on tentacle)
 c - a +4 ring of protection (right tentacle)
 k - an amulet of the acrobat (around mantle)
 r - a ring of protection from cold (left tentacle)
 y - a +4 ring of protection (on tentacle)
 C - a ring of poison resistance
Wands
 u - a wand of polymorph (13)
 x - a wand of iceblast (7)
 B - a wand of paralysis (5)
 D - a wand of flame (20)
Scrolls
 d - a scroll of silence
 g - 4 scrolls of teleportation
 A - a scroll of fog
 E - 3 scrolls of identify
Potions
 f - 2 potions of brilliance
 h - a potion of ambrosia {unknown}
 i - 12 potions of curing {unknown}
 l - a potion of invisibility {unknown}
 m - 4 potions of might {unknown}
 n - a potion of resistance
 o - 3 potions of berserk rage {unknown}
 p - a potion of mutation {unknown}
 q - 5 potions of attraction {unknown}
 s - 2 potions of cancellation {unknown}
 t - 2 potions of lignification {unknown}
 w - 6 potions of degeneration {unknown}
 z - a potion of heal wounds
 F - a potion of flight {unknown}


   Skills:
 + Level 9.8 Fighting
 + Level 13.7 Axes
 + Level 8.2 Dodging
 + Level 11.3 Stealth


You had 11 spell levels left.
You didn't know any spells.
Your spell library contained the following spells:

 Spells                   Type           Power      Damage    Failure   Level
 Ensorcelled Hibernation  Hex/Ice        0%         N/A       47%         2
 Sublimation of Blood     Necr           0%         N/A       47%         2
 Spider Form              Tmut/Pois      0%         N/A       71%         3
 Leda's Liquefaction      Hex/Erth       0%         N/A       98%         4
 Petrify                  Tmut/Erth      0%         N/A       98%         4
 Bolt of Magma            Conj/Fire/Erth 0%         4d4       100%        5
 Irradiate                Conj/Tmut      0%         3d14      100%        5
 Iskenderun's Battlesphe  Conj           0%         2d6       100%        5
 Iron Shot                Conj/Erth      0%         9d1       100%        6
 Shadow Creatures         Summ           N/A        N/A       100%        6
 Statue Form              Tmut/Erth      0%         N/A       100%        6
 Malign Gateway           Summ/Tloc      0%         N/A       100%        7
 Spellforged Servitor     Conj/Summ      0%         N/A       100%        7
 Summon Horrible Things   Summ           0%         N/A       100%        8


Dungeon Overview and Level Annotations

Branches:
Dungeon (8/15)             Temple (0/1) D:4            Lair (4/6) D:8
  Snake (0/4) Lair:3
  Swamp: Lair:2-4    Shoals: Lair:2-4

Altars:
Makhleb
Qazlal
Yredelemnul

Annotations:
Lair:1 exclusion: oklob plant


Innate Abilities, Weirdness & Mutations

You cannot wear most types of armour.
You are amphibious.
You can wear up to eight rings at the same time.
Your skin changes colour to match your surroundings (Stealth+).
Your rubbery body absorbs attacks. (AC +1, EV +1)
((You are camouflaged near water. (Stealth+)))
You have tentacles for arms and can constrict up to eight enemies at once.


Message History

You slash the yak! You squeeze the yak!
The yak is almost dead.
You slice one of the eight-headed hydra's heads off!
The seven-headed hydra grows two more!
You hit the nine-headed hydra. You barely miss the yak.
The yak is almost dead.
You hack one of the nine-headed hydra's heads off!
The eight-headed hydra grows two more!
You slice the ten-headed hydra!! The yak completely misses you.
The ten-headed hydra bites you! The ten-headed hydra barely misses you.
The ten-headed hydra misses you. The ten-headed hydra bites you!
The ten-headed hydra bites you but does no damage. x2
The ten-headed hydra misses you. x2; The ten-headed hydra bites you.
The ten-headed hydra bites you!
You slash the yak!
You kill the yak!
Trog accepts your kill.
You slice one of the ten-headed hydra's heads off!
The nine-headed hydra grows two more!
You slash the 11-headed hydra!
You are no longer berserk.
You are exhausted.
You feel yourself slow down.
You barely miss the 11-headed hydra.
The 11-headed hydra is moderately wounded.
The 11-headed hydra bites you! The 11-headed hydra closely misses you.
The 11-headed hydra bites you. The 11-headed hydra bites you!
The 11-headed hydra bites you. The 11-headed hydra misses you.
The 11-headed hydra bites you.
* * * LOW HITPOINT WARNING * * *
The 11-headed hydra bites you!
* * * LOW HITPOINT WARNING * * *
The 11-headed hydra bites you.
* * * LOW HITPOINT WARNING * * *
The 11-headed hydra bites you but does no damage.
The 11-headed hydra closely misses you. The 11-headed hydra bites you!
* * * LOW HITPOINT WARNING * * *
The 11-headed hydra closely misses you.
The 11-headed hydra bites you but does no damage. x2
The 11-headed hydra bites you!
You die...

.........
.........
......... #.
..._....####...
#...)........
P.....$P....
.........#.#
#D##.# ##@...##
#††....#
#.#.<...#
##........#
#.......##
#.........#
#.........#
#.........#
...........#


You could see a 11-headed hydra.

Vanquished Creatures
  Harold (D:7)
  2 hydras
  5 death yaks (Lair:2)
  Joseph (D:8)
  The ghost of paps the Chopper, a novice DsGl of Qazlal (D:6)
  3 cane toads
  2 rime drakes (Lair:2)
  2 komodo dragons
  2 polar bears (Lair:3)
  4 blink frogs (Lair:1)
  16 yaks
  Grum (Lair:1)
  10 water moccasins
  2 orc warriors (D:8)
  2 sky beasts
  4 ogres
  15 wolves
  5 centaurs
  2 phantoms (D:5)
  2 kobold brigands
  12 bullfrogs
  2 scorpions (D:4)
  5 wights (D:7)
  An electric eel (Lair:1)
  4 quasits (D:6)
  2 orc priests
  A bullfrog skeleton (D:6)
  5 hounds
  Jessica (D:3)
  4 iguanas
  Natasha (thrice) (D:2)
  4 orc wizards
  A scorpion zombie (D:3)
  Robin (D:4)
  A howler monkey zombie (D:6)
  A howler monkey skeleton (D:5)
  6 adders
  2 white imps (D:7)
  An ufetubus (D:6)
  3 worms
  4 dart slugs
  20 orcs
  6 endoplasms
  3 giant cockroaches (D:1)
  6 hobgoblins
  10 jackals
  8 quokkas
  A ball python (D:4)
  5 bats
  A frilled lizard (D:3)
  9 goblins
  27 kobolds
  5 rats
247 creatures vanquished.

Vanquished Creatures (others)
  14 fungi
  24 plants
38 creatures vanquished.

Grand Total: 285 creatures vanquished

Notes
Turn   | Place    | Note
-------+----------+-------------------------------------------
     0 | D:1      | Malachi the Octopode Berserker began the quest for the Orb.
     0 | D:1      | Reached XP level 1. HP: 16/16 MP: 1/1
   647 | D:1      | Reached XP level 2. HP: 21/21 MP: 2/2
   703 | D:1      | Found a faded altar of an unknown god.
  1010 | D:2      | Reached XP level 3. HP: 26/26 MP: 3/3
  1185 | D:2      | Reached skill level 1 in Stealth
  1190 | D:2      | Reached ** piety under Trog
  1602 | D:2      | Noticed Natasha
  1609 | D:2      | Reached XP level 4. HP: 32/32 MP: 4/4
  1609 | D:2      | Killed Natasha
  1682 | D:2      | Noticed Natasha
  1688 | D:2      | Killed Natasha
  1689 | D:2      | Reached skill level 4 in Axes
  1884 | D:2      | Noticed Natasha
  1892 | D:2      | Killed Natasha
  1893 | D:2      | Reached XP level 5. HP: 37/37 MP: 5/5
  2763 | D:3      | Noticed Jessica
  2772 | D:3      | Killed Jessica
  2774 | D:3      | Reached XP level 6. HP: 43/43 MP: 6/6
  2886 | D:4      | Reached skill level 5 in Axes
  3828 | D:4      | Found a staircase to the Ecumenical Temple.
  3985 | D:4      | Noticed Robin
  3994 | D:4      | Killed Robin
  4131 | D:4      | Reached skill level 5 in Stealth
  4897 | D:5      | Entered Level 5 of the Dungeon
  4915 | D:5      | Reached XP level 7. HP: 48/48 MP: 7/7
  4916 | D:5      | Reached *** piety under Trog
  4927 | D:5      | Reached skill level 6 in Axes
  5489 | D:5      | Reached XP level 8. HP: 54/54 MP: 8/8
  5792 | D:5      | Reached skill level 7 in Axes
  5825 | D:5      | Reached skill level 5 in Fighting
  6770 | D:6      | Reached skill level 8 in Axes
  6984 | D:6      | Found a transporter.
  6989 | D:6      | Noticed paps's ghost (novice DsGl)
  7004 | D:6      | Found a transporter.
  7041 | D:6      | Reached XP level 9. HP: 57/61 MP: 9/9
  7567 | D:6      | Killed paps's ghost
  7568 | D:6      | Reached skill level 9 in Axes
  7568 | D:6      | Reached skill level 5 in Dodging
  7700 | D:7      | Noticed Harold
  7857 | D:7      | Killed Harold
  7931 | D:7      | Reached skill level 10 in Axes
  7940 | D:7      | Reached XP level 10. HP: 69/69 MP: 10/10
  8097 | D:7      | Reached **** piety under Trog
  8475 | D:8      | Found a staircase to the Lair.
  9040 | D:8      | Noticed Joseph
  9047 | D:8      | Killed Joseph
  9927 | D:8      | Found a burning altar of Makhleb.
 10117 | Lair:1   | Entered Level 1 of the Lair of Beasts
 10328 | Lair:1   | Reached skill level 11 in Axes
 10736 | Lair:1   | Found a basalt altar of Yredelemnul.
 10736 | Lair:1   | Noticed an oklob plant
 11211 | Lair:1   | Noticed a cane toad
 11215 | Lair:1   | Noticed Grum
 11221 | Lair:1   | Killed a cane toad
 11233 | Lair:1   | Killed Grum
 12190 | Lair:2   | Noticed a cane toad
 12193 | Lair:2   | Noticed a six-headed hydra
 12199 | Lair:2   | Killed a cane toad
 12200 | Lair:2   | Reached XP level 11. HP: 77/77 MP: 11/11
 12217 | Lair:2   | Killed an 11-headed hydra
 12218 | Lair:2   | Reached skill level 12 in Axes
 12218 | Lair:2   | Reached skill level 10 in Stealth
 12628 | Lair:2   | Noticed a death yak
 12628 | Lair:2   | Noticed a death yak
 12635 | Lair:2   | Noticed a death yak
 12644 | Lair:2   | Noticed a death yak
 12647 | Lair:2   | Noticed a death yak
 12653 | Lair:2   | Killed a death yak
 12656 | Lair:2   | Killed a death yak
 12660 | Lair:2   | Killed a death yak
 12663 | Lair:2   | Killed a death yak
 12667 | Lair:2   | Killed a death yak
 13275 | Lair:2   | Reached skill level 13 in Axes
 13629 | Lair:2   | Reached XP level 12. HP: 43/85 MP: 12/12
 14099 | Lair:3   | Found a staircase to the Snake Pit.
 14829 | Lair:3   | Noticed a five-headed hydra
 14842 | Lair:3   | Killed a nine-headed hydra
 15340 | Lair:3   | Identified a scroll of acquirement
 15340 | Lair:3   | Acquired 1070 gold pieces
 15354 | Lair:4   | Found a stormy altar of Qazlal.
 15355 | Lair:4   | Noticed an eight-headed hydra
 15373 | Lair:4   | Slain by an 11-headed hydra

Illustrated notes

Levels and vault maps discovered:
D:1:      wander_arrival_fairy_ring, layout_basic,
          shapermc_ecumenical_altar_mp_ritualfount
D:2:      layout_rooms, uniq_natasha
D:3:      layout_basic, eino_curves_02, uniq_jessica
D:4:      layout_loops_ring, temple_doors_e, uniq_robin
D:5:      layout_gridville, minivault_19, minmay_misc_feat_pillars,
          dk_noncrumbling_4
D:6:      minmay_angry_zag, layout_basic, gammafunk_ghost_stat_death
D:7:      layout_gridville, uniq_harold
D:8:      kennysheep_kobold_camp, layout_gridville,
          mainiacjoe_overflow_alcove_4, dpeg_oklobed_lair, uniq_joseph
Lair:1:   layout_cave_pods, lemuel_oklob_altar, serial_bayou_shore_a, uniq_grum
Lair:2:   layout_roguey, grunt_megastairs_1
Lair:3:   layout_big_grid, dummy_snake_entry
Lair:4:   layout_cave_pods, swamp_mist, basic_altar, infiniplex_staircase_pool,
          uniq_urug

Skill      XL: |  1  2  3  4  5  6  7  8  9 10 11 12 |
---------------+-------------------------------------+-----
Stealth        | 1 2 3 5 6 7 9 10 11 | 11.3
Axes           | 4 5 6 8 10 11 13 | 13.7
Fighting       | 4 5 6 7 9 |  9.8
Dodging        | 4 5 6 7 8 |  8.2

Action                   |  1- 3 |  4- 6 |  7- 9 | 10-12 || total
-------------------------+-------+-------+-------+-------++-------
Melee: Hand axe          |    68 |    22 |       |       ||    90
       Constrict         |    23 |    22 |    20 |    44 ||   109
       Tentacles         |    17 |    14 |    21 |    82 ||   134
       War axe           |       |    62 |   115 |   288 ||   465
Invok: Berserk           |     1 |     4 |     7 |    10 ||    22
       Brothers in Arms  |       |       |       |     1 ||     1
  Use: Scroll            |       |     8 |     4 |     2 ||    14
       Potion            |       |       |     1 |       ||     1
 Stab: Sleeping          |     4 |    13 |     8 |    22 ||    47
       Distracted        |       |       |       |     1 ||     1
Armor: Skin              |     8 |     2 |    28 |    54 ||    92
Dodge: Dodged            |    40 |    46 |   108 |   263 ||   457
